 Dungeon Crawl Stone Soup version 0.30-a0-950-gbf40cfac39 (webtiles) character file.

Game seed: 18381994294903104981

809 Grim the Insei (level 7, -2/43 HPs)
             Began as an Octopode Transmuter on Mar 28, 2023.
             Slain by an orc wizard
             ... wielding a +0 dagger
              (3 damage)
             ... on level 4 of the Dungeon.
             The game lasted 00:06:19 (2834 turns).

Grim the Insei (Octopode Transmuter)                Turns: 2834, Time: 00:06:20

Health: -2/43      AC:  1    Str: 23    XL:     7   Next: 92%
Magic:  9/10       EV: 13    Int: 16    God:
Gold:   109        SH:  0    Dex: 12    Spells: 7/10 levels left

rFire   . . .      SeeInvis .      - Unarmed
rCold   . . .      Faith    .    (no shield)
rNeg    . . .      Spirit   .    (helmet restricted)
rPois   .          Reflect  .    (no amulet)
rElec   .          Rampage  .    i - +6 ring of strength
rCorr   .                        l - +6 ring of strength
Will    .....                    (no ring)
Stlth   ++                       (no ring)
HPRegen 0.27/turn                (no ring)
MPRegen 0.12/turn                (no ring)
                                 (no ring)
                                 (no ring)

@: confused, wereblooded
A: almost no armour, amphibious, 8 rings, camouflage 1, gelatinous body 1,
(nimble swimmer 1), tentacles
a: no special abilities


You were on level 4 of the Dungeon.
You visited 1 branch of the dungeon, and saw 4 of its levels.
You also visited: Ossuary.

You collected 109 gold pieces.

Inventory:

Missiles
 b - a throwing net
Armour
 d - a +0 buckler
Jewellery
 i - a +6 ring of strength (left tentacle)
 l - a +6 ring of strength (right tentacle)
Wands
 y - a wand of acid (8)
Scrolls
 f - 4 scrolls of identify {unknown}
 g - a scroll of brand weapon {unknown}
 h - a scroll of amnesia {unknown}
 q - 3 scrolls of noise {unknown}
 r - a scroll of blinking {unknown}
 s - a scroll of fear {unknown}
 t - a scroll of summoning {unknown}
 u - a scroll of vulnerability {unknown}
 v - a scroll of torment {unknown}
 x - a scroll of fog {unknown}
Potions
 a - 3 potions of lignification
 c - 3 potions of heal wounds {unknown}
 e - 3 potions of attraction {unknown}
 j - 3 potions of ambrosia {unknown}
 k - 3 potions of mutation {unknown}
 m - 2 potions of curing {unknown}
 n - 2 potions of brilliance {unknown}
 o - a potion of cancellation {unknown}
 p - a potion of haste {unknown}
 w - a potion of degeneration {unknown}
 z - a potion of flight {unknown}


   Skills:
 - Level 1.0 Fighting
 - Level 2.0 Dodging
 + Level 6.7 Unarmed Combat
 - Level 2.0 Spellcasting
 + Level 6.3 Transmutations


You had 7 spell levels left.
You knew the following spells:

 Your Spells              Type           Power      Damage    Failure   Level
a - Beastly Appendage     Tmut           42%        N/A       1%          1
b - Wereblood             Tmut           21%        N/A       2%          2

Your spell library contained the following spells:

 Spells                   Type           Power      Damage    Failure   Level
 Spider Form              Tmut/Pois      11%        N/A       17%         3
 Apportation              Tloc           2%         N/A       21%         1
 Necrotise                Necr           4%         1d4       21%         1
 Summon Small Mammal      Summ           4%         N/A       21%         1
 Ice Form                 Ice/Tmut       11%        N/A       50%         4
 Call Canine Familiar     Summ           1%         N/A       52%         3
 Ozocubu's Armour         Ice            1%         N/A       52%         3
 Portal Projectile        Hex/Tloc       2%         N/A       52%         3
 Leda's Liquefaction      Hex/Erth       0%         N/A       90%         4
 Metabolic Englaciation   Hex/Ice        0%         N/A       99%         5
 Simulacrum               Ice/Necr       0%         N/A       100%        6


Dungeon Overview and Level Annotations

Branches:
Dungeon (4/15)            Ossuary (visited)
 Temple: D:4-7

Altars:

Annotations:
D:4 3 runed translucent doors, ICC's ghost, novice VSGl; hofbold's ghost, amateur OgMo; soepkip's ghost, amateur DECj


Innate Abilities, Weirdness & Mutations

You cannot wear most types of armour.
You are amphibious.
You can wear up to eight rings at the same time.
Your skin changes colour to match your surroundings (Stealth+).
Your rubbery body absorbs attacks. (AC +1, EV +1)
((You are camouflaged when in or above water. (Stealth+)))
You have tentacles for arms and can constrict up to eight enemies at once.


Message History

Something hits you.
* * * LOW HITPOINT WARNING * * *
You tentacle-slap the orc priest.
You pierce the orc priest, but do no damage.
You squeeze the orc priest.
The orc priest is almost dead.
You constrict the orc priest.
You feel a bit better.
You kill the orc priest!
Something hits you.
* * * LOW HITPOINT WARNING * * *
You bludgeon the orc!
You feel a bit better.
You kill the orc!
Your tentacle spike disappears.
Something hits you.
* * * LOW HITPOINT WARNING * * *
Something hits you.
* * * LOW HITPOINT WARNING * * *
Items here: ))) [ †††.
You barely miss something. You miss something. You tentacle-slap something.
Your squeeze misses something. Something hits you.
* * * LOW HITPOINT WARNING * * *
You miss something. Something hits you but does no damage.
You completely miss something. Something hits you.
* * * LOW HITPOINT WARNING * * *
You bludgeon something!
You howl as the wereblood boils in your veins!
Something hits you.
* * * LOW HITPOINT WARNING * * *
You miss something. Your squeeze misses something.
You hear some strange, mumbled words.
You are confused.
You closely miss something.
You howl as the wereblood boils in your veins!
You hear some strange, mumbled words.
A puff of flame appears from out of thin air!
The puff of flame hits you!
* * * LOW HITPOINT WARNING * * *
You miss something. Something hits you.
You die...

.#.#...#....#....#..
##.#.#...#.....#...#...
#.........#.#.......#.#
..###.#.#...$...#.#.....
. #.....#...#.....#...
##.#....#....#....#.
#.....#...#.....#...
.....#.#.......#.#.....
.#........#.#.)@....#.#
##.#...#.....#{..#....
.....#....#)...#....#.
###.#...#(....#...#....
#.......#.#.......#.#
..#.#.......#.#.....
....$#...#.....#...
....#....#....#


There were no monsters in sight!

Vanquished Creatures
  2 ogres
  4 elf zombies (Ossuary)
  2 centaur zombies (Ossuary)
  An orc priest (D:4)
  Crazy Yiuf (D:2)
  Jessica (D:2)
  A hound zombie (Ossuary)
  4 mummies
  A gnoll (D:1)
  3 adders
  2 adder zombies (Ossuary)
  5 worms
  5 orcs
  6 ball pythons
  9 endoplasms
  2 giant cockroaches
  5 goblins
  5 hobgoblins
  12 jackals
  4 kobolds
  2 quokkas (D:1)
  2 bats (D:1)
  4 frilled lizards
  A gnoll zombie (Ossuary)
  6 goblin zombies (Ossuary)
  6 hobgoblin zombies (Ossuary)
  2 jackal zombies (Ossuary)
  6 kobold zombies
  An orc zombie (Ossuary)
  3 quokka zombies (Ossuary)
  8 rats
  2 rat zombies (Ossuary)
118 creatures vanquished.

Vanquished Creatures (others)
  4 withered plants (D:4)
4 creatures vanquished.

Grand Total: 122 creatures vanquished

Notes
Turn   | Place    | Note
-------+----------+-------------------------------------------
     0 | D:1      | Grim the Octopode Transmuter began the quest for the Orb.
     0 | D:1      | Reached XP level 1. HP: 13/13 MP: 3/3
   224 | D:1      | Reached XP level 2. HP: 15/18 MP: 3/5
   398 | D:1      | Reached XP level 3. HP: 14/23 MP: 4/6
   569 | D:1      | Found a faded altar of an unknown god.
   936 | D:2      | Learned a level 2 spell: Wereblood
   951 | D:2      | Noticed an ogre
   959 | D:2      | Killed an ogre
   960 | D:2      | Reached XP level 4. HP: 28/28 MP: 4/7
   960 | D:2      | Reached XP level 5. HP: 33/33 MP: 4/8
  1076 | D:2      | Noticed Jessica
  1088 | D:2      | Killed Jessica
  1243 | D:2      | Found a runed translucent door.
  1244 | D:2      | Noticed Crazy Yiuf
  1487 | D:2      | Killed Crazy Yiuf
  1766 | D:3      | Reached skill level 5 in Unarmed Combat
  1799 | D:3      | Reached XP level 6. HP: 38/38 MP: 9/9
  2234 | D:4      | Found a runed translucent gate.
  2234 | D:4      | Found a runed translucent gate.
  2234 | D:4      | Found a runed translucent gate.
  2236 | D:4      | Noticed hofbold's ghost (amateur OgMo)
  2236 | D:4      | Noticed ICC's ghost (novice VSGl)
  2236 | D:4      | Noticed soepkip's ghost (amateur DECj)
  2374 | D:4      | Found a sand-covered staircase.
  2381 | Ossuary  | Entered an ossuary
  2430 | Ossuary  | Reached skill level 5 in Transmutations
  2498 | Ossuary  | Reached XP level 7. HP: 43/43 MP: 6/10
  2833 | D:4      | HP: 1/43 [something/puff of flame (9)]
  2834 | D:4      | Slain by an orc wizard

Illustrated notes

Levels and vault maps discovered:
D:1:      elethiomel_arrival_quiet, layout_basic,
          hellmonk_ecumenical_altar_pennies_from_heaven
D:2:      layout_rooms, minmay_large_rounded_square, uniq_jessica,
          uniq_crazy_yiuf_cottage
D:3:      layout_basic, nicolae_wormholes
D:4:      layout_basic, minmay_temple_entry_mini_moons,
          gammafunk_ghost_cemetery, nicolae_ossuary_entry_giza,
          nicolae_shop_fire_sale [nicolae_sub_dead_trees],
          nicolae_kite_square_tiling_tiny

Skill      XL: |  1  2  3  4  5  6  7 |
---------------+----------------------+-----
Transmutations | 3 4 5 6 |  6.3
Unarmed Combat | 4 5 6 |  6.7
Fighting       | |  1.0
Dodging        | |  2.0
Spellcasting   | |  2.0

Action                     |  1- 3 |  4- 6 |  7- 9 || total
---------------------------+-------+-------+-------++-------
  Melee: Unarmed           |    65 |   102 |    65 ||   232
         Kick              |    17 |    31 |    21 ||    69
         Tentacles         |    11 |    25 |    18 ||    54
         Constrict         |    12 |    39 |    14 ||    65
         Punch             |     3 |     3 |     1 ||     7
   Cast: Beastly Appendage |    12 |    12 |     5 ||    29
         Wereblood         |       |     5 |     3 ||     8
   Stab: Sleeping          |     2 |     5 |     3 ||    10
 Armour: Skin              |     3 |     7 |     2 ||    12
  Dodge: Dodged            |    24 |    58 |    24 ||   106

Table legend: (Time is in decaauts)
 A = Elapsed time spent in this place.
 B = Non-inter-level travel time spent in this place.
 C = Inter-level travel time spent in this place.
 D = Time resting spent in this place.
 E = Time spent auto-exploring this place.
 F = Levels seen in this place.
 G = Mean time per level.
                   A        B        C        D        E       F      G
               +--------+--------+--------+--------+--------+-----+--------+
         Total |   2810 |   2742 |     68 |    363 |   1629 |   5 |  562.0 |
       Dungeon |   2423 |   2355 |     68 |    363 |   1395 |   4 |  605.8 |
       Ossuary |    387 |    387 |      0 |      0 |    234 |   1 |  387.0 |
               +--------+--------+--------+--------+--------+-----+--------+

Top non-repeatable levels by time:
     D:1: 921 daAuts
     D:3: 681 daAuts
     D:2: 586 daAuts
 Ossuary: 387 daAuts
     D:4: 233 daAuts
